 Seeded DCSS version 0.30.1-9-gdf580d7c3d (webtiles) character file.

Game seed: 15660985446129201502 (custom seed)

11596 AccursedSamuel the Spear-Bearer (level 11, -5/69 HPs)
             Began as a Tengu Monk on Oct 16, 2023.
             Was the Champion of Jiyva.
             Killed from afar by Frances (33 damage)
             ... with an iron shot
             ... on level 12 of the Dungeon.
             The game lasted 00:33:26 (10999 turns).

AccursedSamuel the Spear-Bearer (Tengu Monk)       Turns: 10999, Time: 00:33:32

Health: -5/69      AC: 27    Str: 12    XL:     11   Next: 80%
Magic:  12/12      EV: 12    Int: 11    God:    Jiyva [******]
Gold:   544        SH:  5    Dex: 22    Spells: 10/10 levels left

rFire   . . .        e - +4 demon trident (vamp)
rCold   + + +        (no shield)
rNeg    . . .        t - +3 chain mail {rC+}
rPois   .            (helmet restricted)
rElec   .            b - +2 cloak {Stlth+}
rCorr   +            (gloves unavailable)
SInv    .            (boots unavailable)
Will    .....        n - amulet of reflection
Stlth   +            k - +4 ring of protection
HPRegen 1.91/turn    a - ring of protection from cold
MPRegen 0.63/turn

%: reflection, clarity
@: flying quickly and evasively, quick
A: beak, talons 3, nimble flight, claws 3, iridescent scales 3, agile 1,
clarity, cold resistance 2, evolution 2, tendrils
a: Renounce Religion, Oozemancy, Slimify


You were on level 12 of the Dungeon.
You worshipped Jiyva.
Jiyva was exalted by your worship.
You visited 1 branch of the dungeon, and saw 12 of its levels.

You collected 544 gold pieces.

Inventory:

Hand Weapons
 e - a +4 vampiric demon trident (weapon)
Armour
 b - a +2 cloak of stealth (worn)
 d - an orb of light
 i - a scarf of invisibility
 t - a +3 chain mail of cold resistance (worn)
Jewellery
 a - a ring of protection from cold (right claw)
 k - a +4 ring of protection (left claw)
 n - an amulet of reflection (around neck)
Wands
 m - a wand of iceblast (6)
 s - a wand of flame (10)
Scrolls
 f - 8 scrolls of teleportation
 h - 5 scrolls of identify
 p - a scroll of blinking {unknown}
 q - a scroll of vulnerability
 r - a scroll of fear {unknown}
 v - a scroll of enchant weapon {unknown}
Potions
 c - 2 potions of ambrosia
 g - a potion of haste
 j - a potion of magic
 l - 3 potions of flight
 o - a potion of heal wounds
 u - a potion of curing


   Skills:
 + Level 8.3 Fighting
 + Level 3.9(9.7) Axes
 + Level 13.7(13.9) Polearms
 + Level 9.0 Armour
 + Level 7.0 Dodging
 + Level 4.0 Stealth
 + Level 0.5 Shields
 + Level 0.8 Evocations


You had 10 spell levels left.
You didn't know any spells.
Your spell library contained the following spells:

 Spells                   Type           Power      Damage    Failure   Level
 Cigotuvi's Dreadful Rot  Necr/Pois/Air  0%         N/A       100%        2
 Lesser Beckoning         Tloc           0%         N/A       100%        2
 Gell's Gravitas          Tloc           0%         N/A       100%        3
 Ignite Poison            Fire/Tmut/Pois 0%         N/A       100%        3
 Teleport Other           Tloc           0%         N/A       100%        3
 Dispel Undead            Necr           0%         3d6       100%        4
 Sticky Flame             Conj/Fire      0%         2d3       100%        4
 Death Channel            Necr           0%         N/A       100%        6
 Ignition                 Fire           0%         3d3       100%        8


Dungeon Overview and Level Annotations

Branches:
Dungeon (12/15)            Temple (0/1) D:7
   Lair: D:8-11         Orc: D:9-12

Altars:
Elyvilon
Fedhas
Kikubaaqudgha
Ru
Uskayaw
Wu Jian
The Shining One
Jiyva

Annotations:
D:2 1 runed translucent door, Crazy Yiuf
D:6 3 runed translucent doors, leafyfresh's ghost, novice DgEE
D:12 Frances


Innate Abilities, Weirdness & Mutations

You have a beak for a mouth.
You have claws for feet.
Your magical nature lets you fly swiftly and evasively.
You have claws for hands.
You are completely covered in iridescent scales. (AC +6)
You are agile. (Dex +4, Str/Int -1)
You possess an exceptional clarity of mind.
Your flesh is very cold resistant. (rC++)
You have great hidden genetic potential.
You are covered in slimy tendrils that may disarm your opponents.


Message History

Frances is heavily wounded.
Frances hits you.
Your rockslime hits the hellwing!!
The hellwing is shoved backwards!
You hit Frances.
You feel better.
You claw Frances, but do no damage. You peck Frances, but do no damage.
Frances is heavily wounded.
The ufetubus completely misses your rockslime.
The ufetubus hits your rockslime but does no damage.
Frances mutters in a terrible tongue.
The iron shot hits you!
Something hits your rockslime but does no damage. x2
You puncture Frances!
You feel better.
Frances is heavily wounded.
Your rockslime hits the ufetubus!!!
The ufetubus holds its ground!
The ufetubus dies!
The ufetubus disappears in a puff of smoke!
The ufetubus hits your rockslime but does no damage. x2
Something hits your rockslime but does no damage. x2
Frances hits you but does no damage. Something hits your rockslime.
Something barely misses your rockslime.
You hit Frances but do no damage. You claw Frances, but do no damage.
Frances is heavily wounded.
Your rockslime hits the soul eater!!!
The soul eater holds its ground!
Frances hits you!
You puncture Frances!
You feel better.
You claw Frances, but do no damage. You peck Frances, but do no damage.
Frances is severely wounded.
Frances closely misses you.
The ufetubus hits your rockslime but does no damage. x2
Your rockslime hits the soul eater!!
The soul eater holds its ground!
The soul eater dies!
The soul eater disappears in a puff of smoke!
Something hits your rockslime but does no damage. x2
You hit Frances. You claw Frances, but do no damage. Your claw misses Frances.
Frances is severely wounded.
Something hits your rockslime but does no damage. x2
The ufetubus hits your rockslime but does no damage. x2
Frances chants phrases taken from a devil's mouth.
The iron shot hits you!!
You die...

###.### ### #.....#
#.!....... ..######.....####
#.........
..'..>.#........###.........
..####.......##..##.........
..# ###.....###.##.........
..# #.....# #.##.........
..# #.....# #.##J5.......
..# #.....# #@@ยง35.......
..# #.....# ####.........
### #.....# ####+##### #
###.### .# # #.### ######.##
# #...# #...<...# # ####'##
####.......# ######
#.....###..........# '....#
#.....#...##....<..#


You could see Frances (fast), a ynoxinul (summoned), 2 ufetubi and a friendly
rockslime (summoned).

Vanquished Creatures
  Harold (D:9)
  2 two-headed ogres
  An ugly thing (D:11)
  A cyclops (D:9)
  A kobold demonologist (D:11)
  2 unseen horrors
  2 trolls
  2 hornets
  2 wyverns (D:8)
  A shadow (D:9)
  14 yaks
  A vampire (D:11)
  A steam dragon (D:7)
  Edmund (D:5)
  3 water moccasins (D:8)
  3 orc warriors
  2 sky beasts
  11 centaurs
  2 ogres
  A kobold brigand (D:11)
  A bullfrog (D:9)
  A gnoll sergeant (D:7)
  2 scorpions
  8 wights
  7 killer bees
  A howler monkey (D:9)
  4 hounds
  2 quasits (D:5)
  3 orc priests
  Jessica (D:2)
  2 sleepcaps
  3 iguanas
  4 orc wizards
  4 adders
  8 gnolls
  4 shadow imps
  2 white imps (D:5)
  5 ufetubi
  A worm (D:4)
  4 dart slugs
  18 orcs
  6 ball pythons
  5 endoplasms
  2 giant cockroaches (D:2)
  7 goblins
  8 hobgoblins
  8 kobolds
  6 quokkas
  3 bats
  7 frilled lizards
  8 rats
  A spectral kobold (D:2)
200 creatures vanquished.

Vanquished Creatures (collateral kills)
  A boulder beetle (D:12)
  Menkaure (D:6)
  A black bear (D:8)
  A centaur (D:6)
  A howler monkey (D:6)
  A hound (D:6)
  An orc priest (D:8)
  3 orc wizards
  6 orcs
16 creatures vanquished.

Vanquished Creatures (others)
  Sigmund (D:4)
  A kobold brigand (D:10)
  A bullfrog (D:9)
  A scorpion (D:4)
  2 howler monkeys (D:9)
  29 jellies
  A quasit (D:5)
  2 iguanas
  Ijyb (D:4)
  An orc wizard (D:10)
  2 ufetubi
  10 orcs
  3 endoplasms (D:4)
  A goblin (D:3)
  A hobgoblin (D:4)
  7 kobolds
64 creatures vanquished.

Grand Total: 280 creatures vanquished

Notes
Turn   | Place    | Note
-------+----------+-------------------------------------------
     0 | D:1      | AccursedSamuel the Tengu Monk began the quest for the Orb.
     0 | D:1      | Reached XP level 1. HP: 14/14 MP: 2/2
   103 | D:1      | Reached XP level 2. HP: 16/19 MP: 3/3
   106 | D:1      | Identified a scroll of acquirement
   106 | D:1      | Acquired a +4 vampiric demon trident
   392 | D:1      | Reached XP level 3. HP: 23/23 MP: 4/4
   974 | D:2      | Noticed Jessica
   981 | D:2      | Killed Jessica
   982 | D:2      | Reached skill level 1 in Polearms
   990 | D:2      | Reached XP level 4. HP: 20/28 MP: 5/5
  1282 | D:2      | Found a faded altar of an unknown god.
  1296 | D:2      | Reached skill level 2 in Polearms
  1310 | D:2      | Prayed at the altar of an unknown god.
  1310 | D:2      | Became a worshipper of Jiyva Jeklatzi the Shapeless
  1310 | D:2      | Reached * piety under Jiyva
  1310 | D:2      | Reached ** piety under Jiyva
  1419 | D:2      | Found a runed translucent door.
  1420 | D:2      | Noticed Crazy Yiuf
  1593 | D:3      | Reached *** piety under Jiyva
  1646 | D:3      | Gained mutation: You are partially covered in iridescent
                  | scales. (AC +2) [Jiyva's grace]
  1646 | D:3      | Gained mutation: You are mostly covered in iridescent
                  | scales. (AC +4) [Jiyva's grace]
  1646 | D:3      | Gained mutation: You are completely covered in iridescent
                  | scales. (AC +6) [Jiyva's grace]
  1646 | D:3      | Gained mutation: You are somewhat resistant to further
                  | mutation. [Jiyva's grace]
  1781 | D:3      | Found an ornate altar of the Wu Jian Council.
  1800 | D:3      | Gained mutation: Your magical nature lets you fly swiftly
                  | and evasively. [Tengu growth]
  1800 | D:3      | Reached XP level 5. HP: 25/33 MP: 6/6
  1804 | D:3      | Reached skill level 3 in Polearms
  2116 | D:3      | Reached **** piety under Jiyva
  2451 | D:4      | Reached skill level 4 in Polearms
  2451 | D:4      | Reached XP level 6. HP: 36/38 MP: 7/7
  2846 | D:4      | Reached ***** piety under Jiyva
  3050 | D:4      | Killed Sigmund
  3069 | D:4      | Killed Ijyb
  3113 | D:4      | Lost mutation: You are completely covered in iridescent
                  | scales. (AC +6) [Jiyva's grace]
  3113 | D:4      | Gained mutation: You are completely covered in iridescent
                  | scales. (AC +6) [Jiyva's grace]
  3113 | D:4      | Gained mutation: You are covered in slimy tendrils that may
                  | disarm your opponents. [Jiyva's grace]
  3113 | D:4      | Gained mutation: Your body has grown eyes which may confuse
                  | attackers. (Acc +3) [Jiyva's grace]
  3113 | D:4      | Gained mutation: Your body has grown many eyes which may
                  | confuse attackers. (Acc +5) [Jiyva's grace]
  3276 | D:5      | Entered Level 5 of the Dungeon
  3399 | D:5      | Found a sacrificial altar of Ru.
  3418 | D:5      | Reached skill level 5 in Polearms
  3418 | D:5      | Reached skill level 1 in Stealth
  3418 | D:5      | Reached XP level 7. HP: 43/43 MP: 8/8
  3549 | D:5      | Noticed Edmund
  3579 | D:5      | Killed Edmund
  3580 | D:5      | Reached skill level 6 in Polearms
  3763 | D:5      | Found a white marble altar of Elyvilon.
  3788 | D:5      | Reached skill level 5 in Dodging
  4605 | D:6      | Noticed Menkaure
  4613 | D:6      | Killed Menkaure
  4614 | D:6      | Reached XP level 8. HP: 30/48 MP: 9/9
  4619 | D:6      | Reached skill level 7 in Polearms
  4619 | D:6      | Reached skill level 1 in Armour
  4682 | D:6      | Reached skill level 8 in Polearms
  4840 | D:6      | Lost mutation: Your body has grown many eyes which may
                  | confuse attackers. (Acc +5) [Jiyva's grace]
  4840 | D:6      | Gained mutation: Your flesh is cold resistant. (rC+)
                  | [Jiyva's grace]
  4840 | D:6      | Gained mutation: Your flesh is very cold resistant. (rC++)
                  | [Jiyva's grace]
  4840 | D:6      | Gained mutation: Your flesh is almost immune to the effects
                  | of cold. (rC+++) [Jiyva's grace]
  4840 | D:6      | Gained mutation: You are agile. (Dex +4, Str/Int -1)
                  | [Jiyva's grace]
  4851 | D:6      | Noticed a yak
  4851 | D:6      | Noticed a yak
  4851 | D:6      | Noticed a yak
  4867 | D:6      | Killed a yak
  4868 | D:6      | Reached skill level 5 in Fighting
  4870 | D:6      | Killed a yak
  4871 | D:6      | Reached XP level 9. HP: 54/54 MP: 10/10
  4936 | D:6      | Found a hide-covered altar of Uskayaw.
  4956 | D:6      | Reached skill level 9 in Polearms
  4994 | D:6      | Reached ****** piety under Jiyva
  5030 | D:6      | Found a runed translucent gate.
  5030 | D:6      | Found a runed translucent gate.
  5032 | D:6      | Found a runed translucent gate.
  5037 | D:6      | Noticed leafyfresh's ghost (novice DgEE)
  6084 | D:7      | Found a staircase to the Ecumenical Temple.
  6397 | D:7      | Reached skill level 5 in Armour
  6536 | D:8      | Lost mutation: Your flesh is almost immune to the effects
                  | of cold. (rC+++) [Jiyva's grace]
  6536 | D:8      | Lost mutation: Your body has grown eyes which may confuse
                  | attackers. (Acc +3) [Jiyva's grace]
  6536 | D:8      | Lost mutation: You are somewhat resistant to further
                  | mutation. [Jiyva's grace]
  6536 | D:8      | Gained mutation: You have hidden genetic potential.
                  | [Jiyva's grace]
  6536 | D:8      | Gained mutation: You have great hidden genetic potential.
                  | [Jiyva's grace]
  6536 | D:8      | Gained mutation: You possess an exceptional clarity of
                  | mind. [Jiyva's grace]
  6536 | D:8      | Gained mutation: You are very agile. (Dex +8, Str/Int -2)
                  | [Jiyva's grace]
  6546 | D:8      | Reached skill level 10 in Polearms
  6625 | D:8      | Reached XP level 10. HP: 60/60 MP: 11/11
  6869 | D:8      | Reached skill level 11 in Polearms
  6879 | D:8      | Found an ancient bone altar of Kikubaaqudgha.
  6914 | D:7      | Paralysed by a hornet for 3 turns
  6922 | D:7      | Paralysed by a hornet for 3 turns
  7047 | D:8      | Gained mutation: Your mind is acute. (Int +4, Str/Dex -1)
                  | [hidden potential]
  7067 | D:9      | Noticed a two-headed ogre
  7080 | D:9      | Killed a two-headed ogre
  7148 | D:9      | Noticed a cyclops
  7177 | D:9      | Killed a cyclops
  7178 | D:9      | Reached skill level 12 in Polearms
  7187 | D:9      | Paralysed by a hornet for 2 turns
  7193 | D:9      | Paralysed by a hornet for 3 turns
  7648 | D:9      | Found a blossoming altar of Fedhas.
  7649 | D:9      | Found a glowing golden altar of the Shining One.
  7665 | D:9      | Noticed Harold
  7679 | D:9      | Killed Harold
  7680 | D:9      | Reached XP level 11. HP: 67/67 MP: 12/12
  8302 | D:10     | Entered Level 10 of the Dungeon
  8452 | D:10     | Noticed a two-headed ogre
  8463 | D:10     | Killed a two-headed ogre
  8889 | D:10     | Lost mutation: You are very agile. (Dex +8, Str/Int -2)
                  | [Jiyva's grace]
  8889 | D:10     | Lost mutation: Your mind is acute. (Int +4, Str/Dex -1)
                  | [Jiyva's grace]
  8889 | D:10     | Lost mutation: You have great hidden genetic potential.
                  | [Jiyva's grace]
  8889 | D:10     | Gained mutation: You have sharp fingernails. [Jiyva's
                  | grace]
  8889 | D:10     | Gained mutation: You have very sharp fingernails. [Jiyva's
                  | grace]
  8889 | D:10     | Gained mutation: You have claws for hands. [Jiyva's grace]
  8889 | D:10     | Gained mutation: You have great hidden genetic potential.
                  | [Jiyva's grace]
  9275 | D:10     | Reached skill level 13 in Polearms
  9959 | D:11     | Noticed a red ugly thing
  9972 | D:11     | Killed a red ugly thing
  9977 | D:11     | Noticed a soul eater
 10875 | D:12     | Noticed a boulder beetle
 10889 | D:12     | Killed a boulder beetle
 10978 | D:12     | Noticed Frances
 10986 | D:12     | Noticed a soul eater
 10999 | D:12     | Killed from afar by Frances

Illustrated notes

Levels and vault maps discovered:
D:1:      minmay_arrival_pointy, layout_loops_ring, minmay_gold_behind_fungi
D:2:      layout_basic, dreamdust_ecumenical_altar_drowned_temple,
          hangedman_decor_clover_reticule, fountainhead,
          uniq_crazy_yiuf_cottage, uniq_jessica
D:3:      layout_loops_ring, general_overflow_altar, serial_bayou_pond_d
D:4:      layout_basic, nicolae_eternal_life, uniq_ijyb, uniq_sigmund
D:5:      layout_layer_cave, mainiacjoe_overflow_small_starburst,
          elyvilon_altar_1, serial_demonic, serial_demonic_e, serial_demonic_b,
          serial_demonic_e, serial_demonic_a, serial_demonic_e,
          serial_demonic_e, serial_demonic_g, serial_demonic_a,
          serial_demonic_d, serial_demonic_g, uniq_edmund
D:6:      layout_basic, nicolae_uskayaw_suspiria, ebering_ghost_rock_garden,
          minivault_22, uniq_menkaure
D:7:      layout_cave_pools, minmay_temple_entry_junction_2, hex_tiny,
          nicolae_kite_square_tiling_tiny
D:8:      gammafunk_corrupted_shrine, layout_loops_cross, lemuel_crystal_altar,
          minmay_lair_entry_grove, hangedman_misty_isle
D:9:      layout_basic, nicolae_overflow_hidden_temple, kennysheep_nondescript,
          lemuel_flamethrower_1, uniq_harold
D:10:     layout_gridville, solitary_fountain
D:11:     layout_basic, dk_noncrumbling_4
D:12:     layout_roguey, minmay_orc_entry_guard_dogs, serial_shops, shop_statue,
          uniq_frances

Skill      XL: |  1  2  3  4  5  6  7  8  9 10 11 |
---------------+----------------------------------+-----
Polearms       | 1 2 4 5 6 8 10 12 13 | 13.7
Dodging        | 4 5 6 7 |  7.0
Fighting       | 4 5 6 7 8 |  8.3
Stealth        | 1 2 3 4 |  4.0
Armour         | 3 5 7 9 |  9.0
Axes           | |  3.9
Shields        | |  0.5
Evocations     | |  0.8

Action                     |  1- 3 |  4- 6 |  7- 9 | 10-12 || total
---------------------------+-------+-------+-------+-------++-------
  Melee: Hand axe          |    20 |       |       |       ||    20
         Kick              |    12 |    25 |    73 |   114 ||   224
         Peck              |     6 |     9 |    45 |    70 ||   130
         Demon trident     |    33 |    80 |   186 |   327 ||   626
         Punch             |       |       |     2 |     5 ||     7
Ability: Evoke Invisibilit |       |       |     1 |       ||     1
    Use: Scroll            |     1 |       |     5 |     4 ||    10
         Potion            |       |       |    10 |     1 ||    11
   Stab: Confused          |       |       |     5 |       ||     5
 Armour: Robe              |    17 |    17 |     3 |       ||    37
         Chain mail        |       |       |   122 |   285 ||   407
  Dodge: Dodged            |    50 |    74 |   107 |   190 ||   421
  Block: Other             |       |       |       |    18 ||    18
         Reflection        |       |       |       |     3 ||     3
